 Dungeon Crawl Stone Soup version 0.21.1-1-g345015f (webtiles) character file.

425 Flooderbenga the Grave Robber (level 6, -1/44 HPs)
             Began as a Gnoll Necromancer on Apr 9, 2018.
             Slain by an orc
             ... wielding a +0 war axe
              (12 damage)
             ... on level 8 of the Dungeon.
             The game lasted 00:36:17 (1134 turns).

Flooderbenga the Grave Robber (Gnoll Necromancer)   Turns: 1134, Time: 00:36:18

Health: -1/44      AC:  3    Str: 10    XL:     6   Next: 96%
Magic:  3/14       EV: 16    Int: 20    God:
Gold:   123        SH:  0    Dex: 20    Spells: 1/15 levels left

rFire    . . .     SeeInvis .   l - +0 hunting sling
rCold    . . .     Gourm    .   (no shield)
rNeg     . . .     Faith    .   a - +0 robe
rPois    .         Spirit   .   (no helmet)
rElec    .         Reflect  .   m - +0 cloak
rCorr    .         Harm     .   (no gloves)
MR       .....                  (no boots)
Stlth    +++.......             (no amulet)
HPRegen  0.14/turn              j - +5 ring of dexterity
MPRegen  0.14/turn              (no ring)

@: no status effects
A: distributed training, fangs 1, strong nose
a: no special abilities


You were on level 8 of the Dungeon.
You were very hungry.

You visited 2 branches of the dungeon, and saw 9 of its levels.

You collected 123 gold pieces.

Inventory:

Hand Weapons
 l - a +0 hunting sling (weapon)
Missiles
 o - 5 tomahawks (quivered)
Armour
 a - a +0 robe (worn)
 m - a +0 cloak (worn)
Jewellery
 j - a +5 ring of dexterity (left hand)
Scrolls
 d - a scroll of amnesia
 e - 4 scrolls of identify {@r1}
 f - a scroll of teleportation {@r3}
 k - a scroll of enchant weapon
Potions
 h - a potion of degeneration {unknown}
 i - a potion of cancellation {unknown}
Books
 b - a book of Necromancy

   Spells                             Type                      Level
   a - Pain                           Necromancy                   1
   b - Animate Skeleton               Necromancy                   1
   c - Vampiric Draining              Necromancy                   3
   d - Regeneration                   Charms/Necromancy            3
   e - Animate Dead                   Necromancy                   4
   f - Borgnjor's Vile Clutch         Necromancy/Earth             5
Comestibles
 c - 2 rations


   Skills:
 + Level 2.1 Fighting
 + Level 2.1 Short Blades
 + Level 2.1 Long Blades
 + Level 2.1 Axes
 + Level 2.1 Maces & Flails
 + Level 2.1 Polearms
 + Level 2.1 Staves
 + Level 2.1 Slings
 + Level 2.1 Bows
 + Level 2.1 Crossbows
 + Level 2.1 Throwing
 + Level 2.1 Armour
 + Level 5.0 Dodging
 + Level 4.7 Stealth
 + Level 2.1 Shields
 + Level 2.1 Unarmed Combat
 + Level 5.4 Spellcasting
 + Level 1.7 Conjurations
 + Level 1.7 Hexes
 + Level 1.7 Charms
 + Level 1.7 Summonings
 + Level 7.3 Necromancy
 + Level 1.7 Translocations
 + Level 1.7 Transmutations
 + Level 1.7 Fire Magic
 + Level 1.7 Ice Magic
 + Level 1.7 Air Magic
 + Level 1.7 Earth Magic
 + Level 1.7 Poison Magic
 + Level 2.3 Invocations
 + Level 2.1 Evocations


You had one spell level left.
You knew the following spells:

 Your Spells              Type           Power        Failure   Level  Hunger
a - Pain                  Necr           ####         1%          1    None
b - Animate Dead          Necr           N/A          5%          4    ####...
c - Borgnjor's Vile Clut  Necr/Erth      ###.......   43%         5    #####..
r - Regeneration          Chrm/Necr      ###.......   4%          3    ##.....
z - Animate Skeleton      Necr           N/A          1%          1    None


Dungeon Overview and Level Annotations

Branches:
Dungeon (7/15)             Temple (1/1) D:4

Altars:
Ashenzari
Elyvilon
Fedhas
Gozag
Hepliaklqana
Kikubaaqudgha
Makhleb
Nemelex Xobeh
Okawaru
Qazlal
Sif Muna
Uskayaw
Vehumet
Wu Jian
Xom
Yredelemnul
Zin
The Shining One

Annotations:
D:5 Sigmund


Innate Abilities, Weirdness & Mutations

Your experience applies equally to all skills.
You have very sharp teeth.
Your uncanny sense of smell can sniff out nearby items.


Message History

The orc shouts!
The stone hits the orc but does no damage.
The zombie hands constrict the two-headed ogre!
You hear a shout!
The two-headed ogre escapes!
The orc misses you.
Here: a two-headed ogre, wielding a giant club and a giant spiked club (moderately wounded)
The floor.
Unknown command.
The spell is very dangerous to cast!
Continue anyway?
Aim: a two-headed ogre, wielding a giant club and a giant spiked club (moderately wounded) Decaying hands burst forth from the earth!
Zombie hands grab the two-headed ogre.
Zombie hands grab the orc.
You are feeling very hungry.
The zombie hands constrict the two-headed ogre!
The zombie hands constrict the orc.
The two-headed ogre hits you with a giant club!!
* * * LOW HITPOINT WARNING * * *
The two-headed ogre hits you but does no damage.
The orc hits you with a war axe!
You die...

.....# .....# . . .....#.#
#o ###
#+####.####.##..##.<......
........+...o....#........
........#........'....$...
......r.#........#.......h
........#......O.#........
........#(.....o@#........
#....###########'#........
#....####...##.....#####
#...†........#.....#...#
#............#.....#...#
#............#.....#...#
#............#.....#...#
###########........#'#####
#.........######......#


You could see a two-headed ogre and 3 orcs.

Vanquished Creatures
  A centaur (D:5)
  A bullfrog (D:6)
  A scorpion (D:5)
  A hound (D:5)
  A jelly (D:6)
  A worker ant (D:6)
  2 adders
  A shadow imp (D:5)
  2 dart slugs
  4 leopard geckos
  2 orcs
  3 giant cockroaches
  A hobgoblin (D:2)
  A jackal (D:5)
  3 quokkas
  4 bats
  2 frilled lizards
  2 kobolds
  3 rats
36 creatures vanquished.

Vanquished Creatures (collateral kills)
  A centaur zombie (D:5)
  3 worker ants (D:6)
  A leopard gecko (D:5)
  2 orcs (D:5)
  A giant cockroach (D:5)
8 creatures vanquished.

Grand Total: 44 creatures vanquished

Notes
Turn   | Place    | Note
-------+----------+-------------------------------------------
     0 | D:1      | Flooderbenga the Gnoll Necromancer began the quest for the Orb.
     0 | D:1      | Reached XP level 1. HP: 13/13 MP: 6/6
   161 | D:2      | Reached XP level 2. HP: 12/20 MP: 2/7
   342 | D:3      | Reached XP level 3. HP: 11/25 MP: 3/9
   347 | D:3      | Learned a level 3 spell: Regeneration
   367 | D:3      | Reached skill level 5 in Spellcasting
   370 | D:3      | Learned a level 1 spell: Animate Skeleton
   386 | D:3      | Noticed an orc warrior
   481 | D:4      | Found a staircase to the Ecumenical Temple.
   486 | Temple   | Entered the Ecumenical Temple
   538 | D:4      | Found a shattered altar of Ashenzari.
   582 | D:5      | Entered Level 5 of the Dungeon
   637 | D:5      | Reached skill level 1 in Invocations
   667 | D:5      | Found an iron altar of Okawaru.
   668 | D:5      | Noticed a centaur
   695 | D:4      | You fall through a shaft for 2 floors!
   696 | D:6      | Reached skill level 1 in Fighting
   696 | D:6      | Reached skill level 1 in Short Blades
   696 | D:6      | Reached skill level 1 in Long Blades
   696 | D:6      | Reached skill level 1 in Axes
   696 | D:6      | Reached skill level 1 in Maces & Flails
   696 | D:6      | Reached skill level 1 in Polearms
   696 | D:6      | Reached skill level 1 in Staves
   696 | D:6      | Reached skill level 1 in Slings
   696 | D:6      | Reached skill level 1 in Bows
   696 | D:6      | Reached skill level 1 in Crossbows
   696 | D:6      | Reached skill level 1 in Throwing
   696 | D:6      | Reached skill level 1 in Armour
   696 | D:6      | Reached skill level 1 in Shields
   696 | D:6      | Reached skill level 1 in Unarmed Combat
   696 | D:6      | Reached skill level 1 in Evocations
   705 | D:6      | Noticed a bullfrog
   710 | D:6      | Reached XP level 4. HP: 26/32 MP: 1/11
   716 | D:6      | Learned a level 4 spell: Animate Dead
   718 | D:6      | Noticed an ice beast
   728 | D:6      | Reached skill level 1 in Conjurations
   728 | D:6      | Reached skill level 1 in Hexes
   728 | D:6      | Reached skill level 1 in Charms
   728 | D:6      | Reached skill level 1 in Summonings
   728 | D:6      | Reached skill level 1 in Translocations
   728 | D:6      | Reached skill level 1 in Transmutations
   728 | D:6      | Reached skill level 1 in Fire Magic
   728 | D:6      | Reached skill level 1 in Ice Magic
   728 | D:6      | Reached skill level 1 in Air Magic
   728 | D:6      | Reached skill level 1 in Earth Magic
   728 | D:6      | Reached skill level 1 in Poison Magic
   800 | D:6      | Killed a bullfrog
   800 | D:6      | Reached XP level 5. HP: 17/37 MP: 1/12
   815 | D:6      | Learned a level 5 spell: Borgnjor's Vile Clutch
   849 | D:6      | Noticed a sky beast
   852 | D:6      | Reached XP level 6. HP: 18/44 MP: 1/13
   909 | D:5      | Noticed Sigmund
   929 | D:4      | Found a hazy altar of Hepliaklqana.
   929 | D:4      | Found an ancient bone altar of Kikubaaqudgha.
   933 | D:4      | Found a glowing silver altar of Zin.
   942 | D:5      | Reached skill level 5 in Dodging
  1018 | D:5      | You fall through a shaft for 3 floors!
  1038 | D:8      | Noticed an orc warrior
  1040 | D:8      | Noticed a two-headed ogre
  1041 | D:8      | Noticed a sky beast
  1101 | D:8      | Noticed a two-headed ogre
  1134 | D:8      | Slain by an orc

Skill      XL: |  1  2  3  4  5  6 |
---------------+-------------------+-----
Spellcasting   | 5 |  5.4
Invocations    | 1 2 |  2.3
Fighting       | 1 2 |  2.1
Short Blades   | 1 2 |  2.1
Long Blades    | 1 2 |  2.1
Axes           | 1 2 |  2.1
Maces & Flails | 1 2 |  2.1
Polearms       | 1 2 |  2.1
Staves         | 1 2 |  2.1
Slings         | 1 2 |  2.1
Bows           | 1 2 |  2.1
Crossbows      | 1 2 |  2.1
Throwing       | 1 2 |  2.1
Armour         | 1 2 |  2.1
Shields        | 1 2 |  2.1
Unarmed Combat | 1 2 |  2.1
Evocations     | 1 2 |  2.1
Conjurations   | 1 |  1.7
Hexes          | 1 |  1.7
Charms         | 1 |  1.7
Summonings     | 1 |  1.7
Translocations | 1 |  1.7
Transmutations | 1 |  1.7
Fire Magic     | 1 |  1.7
Ice Magic      | 1 |  1.7
Air Magic      | 1 |  1.7
Earth Magic    | 1 |  1.7
Poison Magic   | 1 |  1.7
Dodging        | 5 |  5.0
Stealth        | |  4.7
Necromancy     | |  7.3

Action                   |  1- 3 |  4- 6 || total
-------------------------+-------+-------++-------
Melee: Short sword       |     7 |       ||     7
 Fire: Hunting sling     |       |    19 ||    19
Throw: Stone             |     6 |       ||     6
       Tomahawk          |     5 |       ||     5
 Cast: Pain              |    46 |    24 ||    70
       Regeneration      |     3 |       ||     3
       Animate Skeleton  |     1 |     3 ||     4
       Borgnjor's Vile C |       |     4 ||     4
  Use: Scroll            |     8 |     2 ||    10
       Potion            |     1 |     1 ||     2
  Eat: Chunk             |       |     1 ||     1
Armor: Robe              |     2 |     1 ||     3
Dodge: Dodged            |    13 |    13 ||    26
